AoeStats
← norf182

African Clearing

506702116Analyzed
2v2 RM · 18d ago on Sep 14, 2026· 55m 48s· 4 players
Game mode
Random Map
Map size
Medium (4 player)
Population
200
Speed
Normal
Resources
Standard
Victory
Conquest
Starting age
Dark Age
Ending age
Imperial Age
RankedLock teamsTeams togetherTeam positionsShared explorationLock speedFull tech treeHidden civsTurbo modeCheats
Victory
Defeat
🇮🇳 Huns · India
1103
+13
🇹🇷 Ethiopians · Türkiye
1013
+16
🇨🇴 Goths · Colombia
1039
-15
🇨🇱 Maya · Chile
1008
-14
norf182
5:53 Loom
15:22 Feudal Age
16:15 Town Watch
16:19 Double-Bit Axe
23:14 Castle Age
21:42 Stone Mining
23:32 Scale Mail Armor
30:08 Horse Collar
31:29 Chain Mail Armor
33:31 Pikeman
34:12 Squires
35:23 Forging
37:09 Gold Mining
38:56 Anarchy
46:30 Imperial Age
46:48 Man-at-Arms
49:26 Iron Casting
49:12 Heavy Plow
54:51 Elite Skirmisher
56:37 Blast Furnace
55:28 Fletching
55:43 Padded Archer Armor
catstorm
8:36 Loom
11:50 Feudal Age
12:55 Double-Bit Axe
14:01 Horse Collar
21:32 Castle Age
20:36 Stone Mining
21:23 Gold Mining
22:57 Scale Mail Armor
23:22 Fletching
26:04 Bow Saw
29:51 Wheelbarrow
31:32 Town Watch
31:38 Elite Skirmisher
39:43 Imperial Age
39:25 Pikeman
44:08 Two-Man Saw
44:35 Padded Archer Armor
48:29 Forging
50:26 Arson
50:48 Squires
52:19 Conscription
52:37 Chain Mail Armor
52:57 Iron Casting
52:49 Heavy Plow
P A T S H A
10:40 Loom
15:47 Feudal Age
17:18 Double-Bit Axe
23:27 Castle Age
22:31 Bloodlines
26:39 Bow Saw
30:46 Scale Barding Armor
30:51 Forging
40:49 Imperial Age
43:12 Town Watch
44:03 Wheelbarrow
43:31 Fletching
43:42 Padded Archer Armor
47:08 Cavalier
47:49 Husbandry
54:50 Hand Cart
54:36 Town Patrol
h1nz0
12:35 Feudal Age
14:51 Loom
18:24 Castle Age
16:33 Double-Bit Axe
17:52 Fletching
18:02 Padded Archer Armor
19:20 Thumb Ring
19:27 Crossbowman
25:28 Horse Collar
31:37 Bow Saw
33:30 Wheelbarrow
34:05 Bodkin Arrow
34:26 Leather Archer Armor
34:47 Ballistics
37:19 Hand Cart
44:06 Imperial Age
45:22 Ring Archer Armor
44:52 Bracer
46:33 Two-Man Saw
45:42 Arbalester
48:25 Gold Mining
48:25 Stone Mining
48:59 Conscription
51:45 Chemistry
Connection lost

Rejoining the realm…

Still unreachable

The connection could not be restored.

Session expired

The server has moved on; the page needs a fresh start.